 Dungeon Crawl Stone Soup version 0.24-a0-441-g27f0392e16 (webtiles) character file.

Game seed: 4759693857920554320

211 Ijustatesigmund the Skirmisher (level 5, -2/63 HPs)
             Began as an Ogre Hunter on June 20, 2019.
             Slain by an orc
             ... wielding a +0 flail
              (9 damage)
             ... on level 3 of the Dungeon.
             The game lasted 00:05:18 (3090 turns).

Ijustatesigmund the Skirmisher (Ogre Hunter)        Turns: 3090, Time: 00:05:19

Health: -2/63      AC:  3    Str: 16    XL:     5   Next: 88%
Magic:  5/5        EV: 10    Int: 12    God:
Gold:   101        SH:  0    Dex: 10    Spells: 4/4 levels left

rFire    . . .     SeeInvis .   a - +0 short sword
rCold    + . .     Gourm    .   (no shield)
rNeg     . . .     Faith    .   b - +0 robe
rPois    .         Spirit   .   (helmet restricted)
rElec    .         Reflect  .   (no cloak)
rCorr    .         Harm     +   (gloves unavailable)
MR       .....                  (boots unavailable)
Stlth    +.........             m - amulet of harm
HPRegen  0.20/turn              (no ring)
MPRegen  0.09/turn              (no ring)

@: about to teleport, flying
A: large, unfitting armour, horns 1, cold resistance 1, tough skin 1
a: no special abilities


You were on level 3 of the Dungeon.
You were not hungry.

You visited 1 branch of the dungeon, and saw 4 of its levels.

You collected 101 gold pieces.

Inventory:

Hand Weapons
 a - a +0 short sword (weapon)
Missiles
 c - 3 large rocks (quivered)
 d - 2 throwing nets
 g - 17 poisoned darts
Armour
 b - a +0 robe (worn)
Jewellery
 m - an amulet of harm (around neck)
Scrolls
 h - a scroll of immolation {unknown}
 l - a scroll of amnesia {unknown}
Potions
 e - a potion of lignification
Comestibles
 f - 6 rations


   Skills:
 + Level 7.8 Fighting
 - Level 4.0 Throwing
 - Level 1.7 Dodging
 - Level 0.6 Stealth


You had 4 spell levels left.
You didn't know any spells.
Your spell library was empty.

Dungeon Overview and Level Annotations

Branches:
Dungeon (4/15)
 Temple: D:4-7

Altars:


Innate Abilities, Weirdness & Mutations

You are too large for most types of armour.
You have tough skin. (AC +1)
You have a pair of small horns on your head.
Your flesh is cold resistant. (rC+)


Message History

You closely miss the orc. The orc hits you with a +0 club.
The orc closely misses you. The orc hits you but does no damage.
The orc hits you with a +0 flail!
* * * LOW HITPOINT WARNING * * *
It was a potion of flight.
You feel very buoyant.
You fly up into the air.
The orc barely misses you. x2
The orc hits you with a +0 short sword.
* * * LOW HITPOINT WARNING * * *
It was a potion of heal wounds.
You feel much better. The orc hits you with a +0 flail!
* * * LOW HITPOINT WARNING * * *
The orc hits you with a +0 club.
* * * LOW HITPOINT WARNING * * *
The orc barely misses you. The orc hits you with a +0 short sword.
* * * LOW HITPOINT WARNING * * *
As you read the scroll labeled GUALEZ QUAKE, it crumbles to dust.
You feel strangely unstable.
It was a scroll of teleportation.
The orc hits you with a +0 flail!
You die...

#..........
#..........
#..........
###'######..
#.....# .
+.....#
#.....#
#..!..#
#.@o..#
#ooo..#
#.K...#
+.....#
#.....#
#.....#
#.....#
#.....#


You could see 4 orcs and a kobold.

Vanquished Creatures
  Jessica (D:2)
  Natasha (thrice) (D:2)
  3 adders (D:2)
  2 oozes (D:2)
  2 worms (D:2)
  6 leopard geckos
  2 orcs (D:3)
  10 bats
  4 giant cockroaches
  14 goblins
  2 hobgoblins (D:2)
  7 jackals
  A kobold (D:1)
  8 frilled lizards
  8 rats
73 creatures vanquished.

Notes
Turn   | Place    | Note
-------+----------+-------------------------------------------
     0 | D:1      | Ijustatesigmund the Ogre Hunter began the quest for the
                  | Orb.
     0 | D:1      | Reached XP level 1. HP: 22/22 MP: 1/1
    20 | D:1      | Reached skill level 3 in Fighting
   180 | D:1      | Reached XP level 2. HP: 27/31 MP: 2/2
   362 | D:1      | Reached skill level 4 in Fighting
   470 | D:1      | Gained mutation: Your flesh is cold resistant. (rC+)
                  | [potion of mutation]
   470 | D:1      | Gained mutation: You have a pair of small horns on your
                  | head. [potion of mutation]
   605 | D:1      | Reached XP level 3. HP: 33/40 MP: 3/3
  1202 | D:1      | Reached skill level 5 in Fighting
  1627 | D:2      | Reached XP level 4. HP: 13/50 MP: 4/4
  1885 | D:2      | Noticed Natasha
  1886 | D:2      | Killed Natasha
  1886 | D:2      | Reached skill level 6 in Fighting
  1949 | D:2      | Noticed Natasha
  1960 | D:2      | Killed Natasha
  1960 | D:2      | Reached XP level 5. HP: 17/61 MP: 5/5
  2230 | D:2      | Noticed Natasha
  2272 | D:2      | Killed Natasha
  2272 | D:2      | Reached skill level 7 in Fighting
  2664 | D:2      | Noticed Jessica
  2677 | D:2      | Killed Jessica
  2802 | D:2      | Found a faded altar of an unknown god.
  3088 | D:3      | HP: 1/63 [orc/+0 short sword (7)]
  3090 | D:3      | Slain by an orc

Levels and vault maps discovered:
D:1:      minmay_arrival_radiant_lines, layout_loops_corners, feat_on_display
D:2:      layout_rooms, chequers_ecumenical_altar_simple,
          minmay_fractal_squares_gapless_5, uniq_natasha, uniq_jessica
D:3:      layout_basic, old_standard_altar, first_ration, grunt_ministairs_8
D:4:      layout_basic, minitemple, minmay_temple_entry_wispy,
          lemuel_blue_sif_altar

Skill      XL: |  1  2  3  4  5 |
---------------+----------------+-----
Fighting       | 3 4 5 6 7 |  7.8
Throwing       | |  4.0
Dodging        | |  1.7
Stealth        | |  0.6

Action                   |  1- 3 |  4- 6 || total
-------------------------+-------+-------++-------
Melee: Short sword       |   148 |   146 ||   294
       Headbutt          |    19 |     9 ||    28
Throw: Large rock        |       |     4 ||     4
  Use: Scroll            |     3 |     1 ||     4
       Potion            |     2 |     3 ||     5
 Stab: Sleeping          |     1 |       ||     1
  Eat: Chunk             |     1 |     6 ||     7
Armor: Robe              |    64 |    37 ||   101
       Skin              |       |    29 ||    29
Dodge: Dodged            |   111 |    69 ||   180

Table legend:
 A = Non-vault XP
 B = Vault XP
 C = Vault XP percentage of total XP
 D = Non-vault monster count
 E = Vault monster count
 F = Vault count percentage of total count
                 A         B        C        D         E       F
            +---------+---------+-------+---------+---------+-------
      Total |     206 |      96 |  31.8 |      62 |      11 |  15.1
            +---------+---------+-------+---------+---------+-------
        D:1 |      52 |       0 |   0.0 |      30 |       0 |   0.0
        D:2 |     147 |      92 |  38.5 |      29 |       9 |  23.7
        D:3 |       7 |       4 |  36.4 |       3 |       2 |  40.0
            +---------+---------+-------+---------+---------+-------
